 Dungeon Crawl Stone Soup version 0.27.0-1-g7a089689b8 (webtiles) character file.

Game seed: 1907257340190538734

1503 sanka the Nimble (level 8, -2/33 (36) HPs)
             Began as a Spriggan Fire Elementalist on July 31, 2021.
             Was a Priest of Jiyva.
             Slain by a wight (11 damage)
             ... on level 6 of the Dungeon.
             The game lasted 00:10:43 (6665 turns).

sanka the Nimble (Spriggan Fire Elementalist)       Turns: 6665, Time: 00:10:44

HP:   -2/33 (36)    AC:  3    Str:  6    XL:     8   Next: 52%
MP:   5/13          EV: 28    Int: 19    God:    Jiyva [***...]
Gold: 228           SH:  0    Dex: 19    Spells: 11/12 levels left

rFire    . . .     SeeInvis +   b - +4 quarterstaff (chaos)
rCold    + . .     Faith    .   (shield currently unavailable)
rNeg     . . .     Spirit   .   v - +0 robe
rPois    .         Reflect  .   (helmet restricted)
rElec    .         Harm     .   x - +0 cloak {rCorr}
rCorr    +         Rampage  .   (gloves unavailable)
Will     +....                  (boots unavailable)
Stlth    +++.......             l - amulet of regeneration
HPRegen  1.11/turn              t - ring of protection from cold
MPRegen  0.13/turn              D - +6 ring of intelligence

@: drained, very quick
A: very small, no large weapons, unfitting armour, see invisible, speed 3
a: Renounce Religion, Request Jelly


You were on level 6 of the Dungeon.
You worshipped Jiyva.
Jiyva was most pleased with you.
You visited 1 branch of the dungeon, and saw 6 of its levels.
You also visited: Sewer.

You collected 228 gold pieces.


Innate Abilities, Weirdness & Mutations

You are very small and have problems with some larger weapons.
You are too small for most types of armour.
You have supernaturally acute eyesight. (SInv)
You cover ground extremely quickly. (Speed+++)


   Skills:
 + Level 13.5 Dodging
 - Level 3.0 Stealth
 - Level 2.6 Spellcasting
 - Level 0.6 Conjurations
 - Level 2.4 Fire Magic


You had 11 spell levels left.
You knew the following spells:

 Your Spells              Type           Power      Damage    Failure   Level
y - Foxfire               Conj/Fire      32%        2x1d5     9%          1

Your spell library contained the following spells:

 Spells                   Type           Power      Damage    Failure   Level
 Ensorcelled Hibernation  Hex/Ice        4%         N/A       24%         2
 Conjure Flame            Conj/Fire      8%         6-21      26%         3
 Inner Flame              Hex/Fire       7%         N/A       28%         3
 Spider Form              Tmut/Pois      1%         N/A       43%         3
 Sticky Flame             Conj/Fire      8%         2d3       63%         4
 Fireball                 Conj/Fire      4%         3d4       93%         5
 Freezing Cloud           Conj/Ice/Air   1%         6-21      99%         5
 Shadow Creatures         Summ           N/A        N/A       100%        6
 Simulacrum               Ice/Necr       1%         N/A       100%        6
 Polar Vortex             Ice            1%         N/A       100%        9

Inventory:

Hand Weapons
 a - a +1 dagger of draining
 b - a +4 quarterstaff of chaos (weapon)
 c - a +2 dagger of holy wrath
 E - the +3 rapier of Seekk {drain, *Noise Fly rN++ Str+2} A truly terrible weapon, it drains the life of any living foe it strikes. Str: It affects your strength (+2). rN: It greatly protects you from negative energy. Fly: It grants you flight. *Noise: It may make noises in combat.
Missiles
 u - 5 curare-tipped darts {=f}
Armour
 v - a +0 robe (worn)
 x - a +0 cloak of preservation (worn)
Magical Staves
 C - a staff of conjuration {!a}
Jewellery
 l - an amulet of regeneration (around neck)
 t - a ring of protection from cold (left hand)
 D - a +6 ring of intelligence (right hand)
Wands
 k - a wand of charming (8)
 A - a wand of acid (13)
Scrolls
 d - 3 scrolls of enchant weapon {unknown}
 e - a scroll of amnesia {unknown}
 f - 2 scrolls of enchant armour {unknown}
 g - 5 scrolls of identify {unknown}
 n - a scroll of brand weapon {unknown}
 s - a scroll of summoning {unknown}
 y - 5 scrolls of teleportation {unknown}
 z - a scroll of fear {unknown}
Potions
 h - a potion of magic {unknown}
 i - a potion of might {unknown}
 j - a potion of mutation {unknown}
 m - 3 potions of curing {unknown}
 o - a potion of resistance {unknown}
 p - 2 potions of haste {@q3}
 q - a potion of heal wounds {unknown}
 r - a potion of invisibility {unknown}
 w - a potion of flight {unknown}
 B - 2 potions of degeneration {unknown}

Dungeon Overview and Level Annotations

Branches:
Dungeon (6/15)             Temple (0/1) D:4           Sewer (visited)

Altars:
Ru
Jiyva

Shops:
D:1

[ ▒........▒
▒...............
▒........▒
▒▒▒▒▒.▒.....▒▒▒▒
▒........▒ ▒.▒.....▒
▒........▒ ▒.▒.....▒
▒▒▒▒▒...▒▒▒▒▒▒▒▒▒▒.▒.....▒
▒................▒▒▒▒▒▒▒
▒..........▒▒▒ ▒
▒.........z▒▒▒....
▒.#.......izz..▒
▒.#.......z▒▒..▒
▒..........▒ .▒
▒..........▒ ▒..........▒
▒..........▒ ▒▒▒▒▒▒▒▒▒▒▒▒


You could see 4 wights.


Message History

The wight hits you with a +3 long sword.
The wight closely misses you.
A wight comes into view. It is wielding a +0 short sword.
The wight misses you.
You hit the wight.
The wight is moderately damaged.
The wight hits you with a +4 dagger!
* * * LOW HITPOINT WARNING * * *
The wight misses you.
A wight comes into view. It is wielding a +5 spear.
Unknown command.
You hit the wight. You burn the wight.
The wight is moderately damaged.
The wight stops moving altogether!
The wight misses you.
The wight hits you with a +0 short sword.
* * * LOW HITPOINT WARNING * * *
You feel drained.
* * * LOW HITPOINT WARNING * * *
The helpless wight fails to defend itself.
You hit the wight.
The wight convulses.
The wight is heavily damaged.
The wight hits you with a +3 long sword.
* * * LOW HITPOINT WARNING * * *
You feel drained.
* * * LOW HITPOINT WARNING * * *
The wight hits you from afar with a +5 spear!
You die...

Action                   |  1- 3 |  4- 6 |  7- 9 || total
-------------------------+-------+-------+-------++-------
Melee: Dagger            |    47 |    60 |       ||   107
       Quarterstaff      |       |    12 |    94 ||   106
 Cast: Foxfire           |    79 |    86 |    65 ||   230
  Use: Potion            |       |     1 |       ||     1
 Stab: Sleeping          |     2 |     1 |     1 ||     4
       Petrifying        |       |       |     2 ||     2
       Petrified         |       |       |     1 ||     1
Armor: Robe              |     7 |     4 |    11 ||    22
Dodge: Dodged            |    47 |    97 |   114 ||   258

Levels and vault maps discovered:
D:1:      saegor_arrival_simple_a, layout_basic, serial_shops, shop,
          shapermc_ecumenical_altar_totnotflames, minivault_24
D:2:      layout_basic, due_unseen_surprise
D:3:      cheibrodos_thug_alley, layout_loops_corners,
          cheibrodos_sewer_entry_sluice, uniq_crazy_yiuf_cottage
D:4:      layout_loops_ring, minmay_temple_entry_overgrown
D:5:      layout_basic, nicolae_ru_the_path_less_chosen
D:6:      layout_basic, uniq_duvessa

Notes
Turn   | Place    | Note
-------+----------+-------------------------------------------
     0 | D:1      | sanka the Spriggan Fire Elementalist began the quest for
                  | the Orb.
     0 | D:1      | Reached XP level 1. HP: 9/9 MP: 5/5
    86 | D:1      | Reached skill level 3 in Dodging
   480 | D:1      | Found Dausae's Armour Boutique.
   484 | D:1      | Reached XP level 2. HP: 8/13 MP: 4/6
   725 | D:1      | Reached skill level 4 in Dodging
   869 | D:1      | Found a faded altar of an unknown god.
  1234 | D:1      | Became a worshipper of Jiyva Jafim the Shapeless
  1234 | D:1      | Reached * piety under Jiyva
  1643 | D:2      | Reached XP level 3. HP: 16/16 MP: 0/8
  2275 | D:2      | Reached skill level 5 in Dodging
  2827 | D:3      | Found a glowing drain.
  2901 | Sewer    | Entered a sewer
  2926 | Sewer    | Reached XP level 4. HP: 21/21 MP: 0/9
  3079 | Sewer    | Reached skill level 6 in Dodging
  3254 | Sewer    | Noticed a bullfrog
  3303 | Sewer    | Killed a bullfrog
  3304 | Sewer    | Reached skill level 7 in Dodging
  3304 | Sewer    | Reached XP level 5. HP: 24/24 MP: 2/10
  3527 | D:3      | Noticed an ogre
  3535 | D:3      | Killed an ogre
  3536 | D:3      | Reached skill level 8 in Dodging
  3536 | D:3      | Reached XP level 6. HP: 28/28 MP: 3/11
  3825 | D:3      | Found a runed translucent door.
  3825 | D:3      | Noticed Crazy Yiuf
  4002 | D:3      | Reached ** piety under Jiyva
  4170 | D:3      | Reached skill level 9 in Dodging
  4516 | D:3      | Killed Crazy Yiuf
  5030 | D:4      | Reached skill level 10 in Dodging
  5030 | D:4      | Reached XP level 7. HP: 30/32 MP: 7/12
  5310 | D:4      | Found a staircase to the Ecumenical Temple.
  5359 | D:5      | Entered Level 5 of the Dungeon
  5446 | D:5      | Reached skill level 11 in Dodging
  6127 | D:5      | Found a sacrificial altar of Ru.
  6268 | D:6      | Reached skill level 12 in Dodging
  6268 | D:6      | Reached XP level 8. HP: 36/36 MP: 8/13
  6335 | D:6      | Noticed Duvessa
  6335 | D:6      | Noticed Dowan
  6351 | D:6      | Killed Duvessa
  6359 | D:6      | Killed Dowan
  6438 | D:6      | Identified the +3 rapier of Seekk {drain, *Noise Fly rN++
                  | Str+2}
  6483 | D:6      | Reached *** piety under Jiyva
  6571 | D:6      | Reached skill level 13 in Dodging
  6665 | D:6      | Slain by a wight

Vanquished Creatures
  Duvessa (D:6)
  2 ice beasts (D:6)
  A sky beast (D:6)
  3 ogres
  A phantom (D:5)
  A kobold brigand (D:3)
  2 bullfrogs
  2 scorpions
  Dowan (D:6)
  A bullfrog zombie (D:6)
  An orc priest (D:4)
  Crazy Yiuf (D:3)
  A centaur skeleton (D:5)
  4 iguanas
  6 adders
  4 gnolls (D:5)
  4 river rats (Sewer)
  An adder skeleton (D:5)
  3 worms
  4 orcs
  3 endoplasms (D:1)
  A giant cockroach (D:2)
  6 hobgoblins
  6 jackals
  9 kobolds
  A quokka (D:2)
  10 ball pythons
  4 bats
  4 frilled lizards
  10 goblins
  A jackal skeleton (D:4)
  11 rats
110 creatures vanquished.

Vanquished Creatures (others)
  4 jellies
  A bullfrog (Sewer)
  An orc priest (D:3)
  An orc wizard (D:3)
  A howler monkey zombie (D:6)
  5 adders
  A river rat (Sewer)
  2 endoplasms (Sewer)
  A giant cockroach (D:2)
  A goblin (D:4)
  A hobgoblin (D:2)
  5 jackals
  A quokka (D:3)
  3 ball pythons (Sewer)
  A frilled lizard (Sewer)
  15 rats
  380 foxfires
  8 plants (D:4)
432 creatures vanquished.

Grand Total: 542 creatures vanquished
